 Dungeon Crawl Stone Soup version 0.27-a0-1334-g2746e35aca (webtiles) character file.

Game seed: 11915805215048138773

21 bande the Covered (level 2, 20/20 HPs)
             Began as a Gargoyle Fighter on June 27, 2021.
             Quit the game on level 2 of the Dungeon.
             The game lasted 00:01:30 (1069 turns).

bande the Covered (Gargoyle Fighter)                Turns: 1069, Time: 00:01:30

Health: 20/20      AC:  9    Str: 19    XL:     2   Next: 87%
Magic:  2/2        EV:  7    Int:  8    God:
Gold:   39         SH:  9    Dex:  9    Spells: 1/1 levels left

rFire    . . .     SeeInvis .   a - +0 war axe
rCold    . . .     Faith    .   c - +0 kite shield
rNeg     + . .     Spirit   .   b - +0 scale mail
rPois    ∞         Reflect  .   (no helmet)
rElec    +         Harm     .   (no cloak)
rCorr    .         Rampage  .   (no gloves)
Will     .....                  (no boots)
Stlth    ..........             f - amulet of magic regeneration
HPRegen  0.06/turn              (no ring)
MPRegen  0.33/turn              (no ring)

@: no status effects
A: sickness immunity, AC +2, negative energy resistance 1, electricity
resistance, torment resistance 1, petrification resistance, talons 1, no potion
heal 1
a: no special abilities


You were on level 2 of the Dungeon.
You visited 1 branch of the dungeon, and saw 2 of its levels.

You collected 39 gold pieces.

Inventory:

Hand Weapons
 a - a +0 war axe (weapon)
Armour
 b - a +0 scale mail (worn)
 c - a +0 kite shield (worn)
Jewellery
 f - an amulet of magic regeneration (around neck)
Potions
 d - a potion of might


   Skills:
 + Level 3.6 Fighting
 + Level 2.0 Axes
 + Level 3.7 Armour
 + Level 0.1 Dodging
 + Level 3.4 Shields


You had one spell level left.
You didn't know any spells.
Your spell library was empty.

Dungeon Overview and Level Annotations

Branches:
Dungeon (2/15)

Altars:


Innate Abilities, Weirdness & Mutations

You are immune to sickness and miasma.
Your stone body is resilient. (AC +2)
You are immune to poison.
You resist negative energy. (rN+)
You are resistant to electric shocks. (rElec)
You are resistant to unholy torment.
You are immune to petrification.
You have sharp toenails.
Potions are less effective at restoring your health.


Message History

Your Axes skill increases to level 2!
No target in view!
No target in view!
No target in view!
No target in view!
You start putting on your amulet.
You continue putting on your amulet of magic regeneration. x5
You finish putting on your amulet of magic regeneration.
f - an amulet of magic regeneration (around neck)
As you read the scroll labelled DAPAZULOTHAU, it crumbles to dust.
You hear a loud clanging noise!
It was a scroll of noise.
You hear an angry hiss.
You hear a shout!
You hear a bark! x3
A giant cockroach comes into view.
A giant cockroach is nearby!
Found a scroll labelled UZAGEGO DE LIF.
The giant cockroach bites you but does no damage.
You slash the giant cockroach!
You kill the giant cockroach!
No target in view!
No target in view!
No target in view!
No target in view!
No target in view!
No target in view!
g - a scroll labelled UZAGEGO DE LIF
Okay, then.
You see here a +0 hand axe.
As you read the scroll labelled UZAGEGO DE LIF, it crumbles to dust.
It is a scroll of identify.
e - a potion of mutation Drop what? 6/52 slots (_ for help) (? for menu, Esc to quit)
You drop a potion of mutation.
e - a potion of mutation Really quaff the potion of mutation?
You feel extremely strange.
Your toenails lengthen and sharpen.
Your system partially rejects the healing effects of potions.
Okay, then.
Are you sure you want to abandon this character and quit the game? (Confirm with "yes".)

############
#.<...).@..#
#..........#
#....(.....#
#..........#
#.†..>.....#
#..........#
#..........#
#..........#
#..........#


There were no monsters in sight!

Vanquished Creatures
  A worm (D:2)
  A bat (D:1)
  2 endoplasms (D:1)
  2 giant cockroaches
  2 goblins (D:1)
  2 hobgoblins (D:1)
  3 jackals (D:1)
  2 rats (D:1)
15 creatures vanquished.

Notes
Turn   | Place    | Note
-------+----------+-------------------------------------------
     0 | D:1      | bande the Gargoyle Fighter began the quest for the Orb.
     0 | D:1      | Reached XP level 1. HP: 14/14 MP: 1/1
   420 | D:1      | Reached XP level 2. HP: 19/19 MP: 2/2
   886 | D:1      | Found a faded altar of an unknown god.
  1068 | D:2      | Gained mutation: You have sharp toenails. [potion of
                  | mutation]
  1068 | D:2      | Gained mutation: Potions are less effective at restoring
                  | your health. [potion of mutation]
  1069 | D:2      | Quit the game

Illustrated notes

Levels and vault maps discovered:
D:1:      tarquinn_simple_flora_water_b, layout_loops_corners,
          basic_ecumenical_altar
D:2:      layout_rooms, serial_shops, nicolae_shop_stone

Skill      XL: |  1  2 |
---------------+-------+-----
Axes           | 2 |  2.0
Fighting       | |  3.6
Armour         | |  3.7
Dodging        | |  0.1
Shields        | |  3.4

Action                   || total
-------------------------++-------
Melee: War axe           ||    36
  Use: Scroll            ||     2
       Potion            ||     1
Armor: Scale mail        ||    18
Dodge: Dodged            ||    10
Block: Kite shield       ||    20

Table legend: (Time is in decaauts)
 A = Elapsed time spent in this place.
 B = Non-inter-level travel time spent in this place.
 C = Inter-level travel time spent in this place.
 D = Time resting spent in this place.
 E = Time spent auto-exploring this place.
 F = Levels seen in this place.
 G = Mean time per level.
                   A        B        C        D        E       F      G
               +--------+--------+--------+--------+--------+-----+--------+
         Total |   1092 |   1068 |     24 |      0 |    953 |   2 |  546.0 |
       Dungeon |   1092 |   1068 |     24 |      0 |    953 |   2 |  546.0 |
               +--------+--------+--------+--------+--------+-----+--------+

Top non-repeatable levels by time:
     D:1: 1055 daAuts
     D:2: 36 daAuts
